 Dungeon Crawl Stone Soup version 0.30-b1-2-g02819fbbbe (webtiles) character file.

Game seed: 2589422505619083762

78918 Arcadio the Skirmisher (level 15, -31/119 HPs)
             Began as a Gnoll Hunter on May 7, 2023.
             Was a High Priest of Fedhas.
             Annihilated by a spriggan berserker
             ... wielding a +2 antimagic rapier
              (35 damage)
             ... on level 3 of the Depths.
             The game lasted 02:57:44 (24055 turns).

Arcadio the Skirmisher (Gnoll Hunter)              Turns: 24055, Time: 02:57:44

Health: -31/119    AC: 20    Str: 11    XL:     15   Next: 61%
Magic:  1/29       EV: 20    Int:  9    God:    Fedhas [*****.]
Gold:   432        SH:  0    Dex: 22    Spells: 2/35 levels left

rFire   . . .        b - +8 autumn katana {manifold assault}
rCold   x . .        (no shield)
rNeg    . . .        P - +4 troll leather armour
rPois   .            (no helmet)
rElec   +            I - +2 cloak
rCorr   +            l - +2 pair of gloves
SInv    .            V - +2 pair of boots
Will    +....        k - amulet of the acrobat
Stlth   +++++        U - +4 ring of slaying
HPRegen 1.19/turn    M - ring "Romes" {Wiz rElec rC- rCorr}
MPRegen 0.21/turn

%: acrobat, wizardry (x1)
@: studying Fire Magic
A: fangs 1, strong nose, distributed training
a: Renounce Religion, Wall of Briars, Grow Ballistomycete, Overgrow, Grow Oklob


You were on level 3 of the Depths.
You worshipped Fedhas.
Fedhas was extremely pleased with you.
You visited 4 branches of the dungeon, and saw 22 of its levels.
You also visited: Trove, Sewer, Ossuary and Bailey.

You collected 1589 gold pieces.
You spent 1157 gold pieces at shops.

Inventory:

Hand Weapons
 a - a +9 arbalest of draining
 b - the +8 autumn katana (weapon) {manifold assault}
   (You found it in a bailey)
Armour
 l - a +2 pair of gloves (worn)
 m - +0 fire dragon scales
 I - a +2 cloak (worn)
 P - a +4 troll leather armour (worn)
 V - a +2 pair of boots (worn)
 X - a scarf of resistance
Jewellery
 k - an amulet of the acrobat (around neck)
 n - a ring of poison resistance
 u - a ring of flight
 z - a ring of ice
 H - a +6 ring of intelligence
 K - a ring of see invisible
 M - the ring "Romes" (right hand) {Wiz rElec rC- rCorr}
   (You found it on level 14 of the Dungeon)

   [ring of wizardry]

   It improves your spell success rate.
   rC:        It makes you vulnerable to cold.
   rElec:     It insulates you from electricity.
   rCorr:     It protects you from acid and corrosion.
 U - a +4 ring of slaying (left hand)
Wands
 y - a wand of iceblast (17)
 N - a wand of polymorph (22)
 Q - a wand of flame (24)
 S - a wand of paralysis (13)
 W - a wand of quicksilver (3)
Scrolls
 c - 2 scrolls of vulnerability {unknown}
 d - a scroll of enchant armour
 e - 2 scrolls of immolation
 q - 6 scrolls of teleportation
 w - a scroll of fog
 x - 5 scrolls of poison
 C - 4 scrolls of torment
 E - a scroll of amnesia
 F - a scroll of summoning
 O - a scroll of brand weapon {unknown}
 Z - a scroll of acquirement {unknown}
Potions
 g - 2 potions of lignification {unknown}
 h - a potion of ambrosia {unknown}
 j - 4 potions of haste
 t - 2 potions of might
 v - 6 potions of mutation
 B - 2 potions of brilliance
 D - 3 potions of flight
 G - a potion of cancellation {unknown}
 L - 5 potions of attraction
 T - 2 potions of invisibility {unknown}
Miscellaneous
 J - a phantom mirror


   Skills:
 + Level 11.5 Fighting
 + Level 10.6 Short Blades
 + Level 10.6 Long Blades
 + Level 10.6 Axes
 + Level 10.6 Maces & Flails
 + Level 10.6 Polearms
 + Level 10.6 Staves
 + Level 13.4 Ranged Weapons
 + Level 10.6 Throwing
 + Level 10.6 Armour
 + Level 11.5 Dodging
 + Level 10.9 Stealth
 + Level 10.6 Shields
 + Level 10.6 Unarmed Combat
 + Level 10.6 Spellcasting
 + Level 8.9 Conjurations
 + Level 8.9 Hexes
 + Level 8.9 Summonings
 + Level 8.9 Necromancy
 + Level 8.9 Translocations
 + Level 8.9 Transmutations
 + Level 10.2 Fire Magic
 + Level 8.9 Ice Magic
 + Level 8.9 Air Magic
 + Level 8.9 Earth Magic
 + Level 8.9 Poison Magic
 + Level 11.5 Invocations
 + Level 10.6 Evocations


You had 2 spell levels left.
You knew the following spells:

 Your Spells              Type           Power      Damage    Failure   Level
a - Portal Projectile     Hex/Tloc       40%        N/A       1%          3
b - Ozocubu's Armour      Ice            20%        N/A       1%          3
c - Blink                 Tloc           40%        N/A       1%          2
d - Summon Small Mammal   Summ           80%        N/A       1%          1
e - Inner Flame           Hex/Fire       22%        N/A       1%          3
f - Apportation           Tloc           40%        N/A       1%          1
g - Lee's Rapid Deconstr  Erth           10%        3d8*      4%          5
h - Swiftness             Air            20%        N/A       1%          3
i - Necrotise             Necr           80%        1d8       1%          1
j - Cause Fear            Hex            10%        N/A       1%          4
k - Passwall              Tmut/Erth      16%        N/A       1%          2
l - Summon Mana Viper     Hex/Summ       20%        N/A       4%          5

Your spell library contained the following spells:

 Spells                   Type           Power      Damage    Failure   Level
 Beastly Appendage        Tmut           40%        N/A       1%          1
 Magic Dart               Conj           80%        1d7       1%          1
 Sandblast                Erth           40%        2d10      1%          1
 Shock                    Conj/Air       80%        1d8       1%          1
 Ensorcelled Hibernation  Hex/Ice        40%        N/A       1%          2
 Static Discharge         Conj/Air       40%        2-4/arc   1%          2
 Frozen Ramparts          Ice            40%        1d7       1%          3
 Spider Form              Tmut/Pois      20%        N/A       1%          3
 Stone Arrow              Conj/Erth      40%        3d9       1%          3
 Tukima's Dance           Hex            20%        N/A       1%          3
 Volatile Blastmotes      Fire/Tloc      44%        2d13      1%          3
 Airstrike                Air            10%        2d(2-18)  1%          4
 Anguish                  Hex/Necr       10%        N/A       1%          4
 Animate Armour           Summ/Erth      40%        N/A       1%          4
 Flame Wave               Conj/Fire      22%        2d8       1%          4
 Fulminant Prism          Conj/Hex       10%        3d9       1%          4
 Ice Form                 Ice/Tmut       20%        N/A       1%          4
 Iskenderun's Mystic Bla  Conj/Tloc      20%        2d6       1%          4
 Manifold Assault         Tloc           20%        N/A       1%          4
 Sticky Flame             Conj/Fire      22%        2d4       1%          4
 Summon Ice Beast         Ice/Summ       20%        N/A       1%          4
 Blade Hands              Tmut           10%        N/A       4%          5
 Freezing Cloud           Conj/Ice/Air   10%        6-21      4%          5
 Irradiate                Conj/Tmut      10%        3d15      4%          5
 Metabolic Englaciation   Hex/Ice        10%        N/A       4%          5
 Yara's Violent Unravell  Hex/Tmut       10%        3d6       4%          5
 Simulacrum               Ice/Necr       10%        N/A       26%         6
 Dragon Form              Tmut           10%        N/A       78%         7
 Enfeeble                 Hex            10%        N/A       78%         7
 Storm Form               Tmut/Air       10%        N/A       78%         7
 Summon Hydra             Summ           10%        N/A       78%         7
 Lehudib's Crystal Spear  Conj/Erth      10%        10d4      100%        8


Dungeon Overview and Level Annotations

Branches:
Dungeon (15/15) Zot: 25598  Temple (1/1) D:6 Zot: 5778    Lair (0/5) D:9
    Orc (2/2) D:9 Zot: 10289     Elf (0/3) Orc:2        Vaults (0/5) D:14
 Depths (4/4) D:15 Zot: 21125   Sewer (visited)         Ossuary (visited)
 Bailey (visited)
    Zot: Depths:4

Altars:
Ashenzari
Cheibriados
Dithmenos
Elyvilon
Fedhas
Gozag
Hepliaklqana
Kikubaaqudgha
Makhleb
Nemelex Xobeh
Okawaru
Qazlal
Ru
Sif Muna
Trog
Uskayaw
Vehumet
Wu Jian
Xom
Yredelemnul
Zin
The Shining One

Shops:
D:1 [   D:2 (   D:4 :   D:9 !   Orc:1 [   Orc:2 *[=(*   Depths:2 !

Portals:
Hell: Depths:1
Abyss: Depths:1

Annotations:
D:9 Erolcha
Depths:2 Bai Suzhen


Innate Abilities, Weirdness & Mutations

You have very sharp teeth.
Your uncanny sense of smell can sniff out nearby items.
Your experience applies equally to all skills.


Message History

Okay, then.
Unknown command.
Okay, then.
Aiming: Quicksilver Bolt
Press: ? - help, Shift-Dir - straight line, f/p - spriggan berserker
Aim: a spriggan berserker, wielding a +2 antimagic rapier, wearing a +0 animal skin and wearing an amulet of regeneration (heavily wounded, berserk, ally target, 51% to hit)
The bolt of dispelling energy hits the spriggan berserker!!
The spriggan berserker is severely wounded.
The spriggan berserker hits you with a +2 antimagic rapier!
* * * LOW HITPOINT WARNING * * *
Press: ? - help, v - describe, . - travel, g - get item
Here: a spriggan berserker, wielding a +2 antimagic rapier, wearing a +0 animal skin and wearing an amulet of regeneration (severely wounded, berserk, ally target)
Items here: )) [[.
The floor, spattered with blood.
Press: ? - help, v - describe, . - travel, g - get item
Here: a spriggan berserker, wielding a +2 antimagic rapier, wearing a +0 animal skin and wearing an amulet of regeneration (severely wounded, berserk, ally target)
Items here: )) [[.
The floor, spattered with blood.
You closely miss the spriggan berserker.
The spriggan berserker is severely wounded.
The spriggan berserker barely misses you.
Press: ? - help, v - describe, . - travel, g - get item
Here: a spriggan berserker, wielding a +2 antimagic rapier, wearing a +0 animal skin and wearing an amulet of regeneration (severely wounded, berserk, ally target)
Items here: )) [[.
The floor, spattered with blood.
You closely miss the spriggan berserker.
You punch the spriggan berserker!
The spriggan berserker is almost dead.
The spriggan berserker closely misses you.
You miss the spriggan berserker.
The spriggan berserker is almost dead.
The spriggan berserker hits you with a +2 antimagic rapier.
* * * LOW HITPOINT WARNING * * *
You closely miss the spriggan berserker.
Your bite misses the spriggan berserker.
The spriggan berserker is almost dead.
The spriggan berserker misses you.
The spriggan berserker hits you with a +2 antimagic rapier!!
You die...
Fedhas appreciates your contribution to the ecosystem.

,**,*i.,*,,,,,**
#...)...##
***,*#.,*,,,,,,**###....##
**,*,*..#+****+*,#.#'####
**,*,*#.#.,,,,,,##.....#
*,***,#...,,,,,,#....####
*,* *,*#..,∆,,,,#....'..#*
,** **,#..#######+#..#...#
,* *,*#..+.'.[[[#.######
** **,#..#.#..@##.'..# *
*,##.###.iP#.##..#
********+#...###.###...#
,,,,,,**,#.....'P#.....#
,***,,**,##....#+##[####
,,,*,***,*#...##.....#
****,* *,*##.##....[.#
,,,,****,**#.......###
,,,,* *∆∆∆*##..##.##


You could see a spriggan berserker (berserk, ally target).

Vanquished Creatures
  Jorgrun (D:15)
  Frances (D:12)
  A storm dragon (Depths:3)
  A frost giant (Depths:2)
  A stone giant (Depths:2)
  A very ugly thing (D:15)
  Nessos (D:12)
  A fire dragon (D:15)
  An ice dragon (Depths:3)
  3 vault guards (D:14)
  An ogre mage (D:10)
  A catoblepas (D:15)
  8 boulder beetles
  A hydra (D:13)
  3 two-headed ogres
  2 centaur warriors (D:15)
  A death knight (D:15)
  Erica (D:10)
  3 deep troll shamans
  A spriggan berserker (Depths:3)
  3 tengu warriors
  4 hell knights (Depths:3)
  A deep troll earth mage (Depths:2)
  An orc high priest (Orc:2)
  Nergalle (D:12)
  An iron troll (Depths:3)
  A spark wasp zombie (Depths:2)
  5 deep trolls
  A golden dragon skeleton (Depths:2)
  5 orc knights
  3 deep elf pyromancers
  8 necromancers
  4 ugly things
  5 orc sorcerers
  8 cyclopes
  4 manticores
  A tengu skeleton (Depths:2)
  A naga mage (D:15)
  2 gargoyles
  3 smoke demons (D:12)
  A titan simulacrum (Depths:2)
  A kobold demonologist (D:8)
  Maggie (D:6)
  An unseen horror (D:11)
  A centaur skeleton (D:15)
  A redback zombie (D:15)
  An efreet (D:12)
  A freezing wraith (Depths:3)
  A komodo dragon (shapeshifter) (D:13)
  2 komodo dragons
  2 tengu conjurers
  2 trolls
  A tarantella (shapeshifter) (D:14)
  A tengu simulacrum (Depths:2)
  A wolf spider simulacrum (D:15)
  Prince Ribbit (D:5)
  3 hornets
  Grinder (D:5)
  A meliai zombie (D:15)
  2 wraiths
  Sigmund (D:5)
  18 slime creatures
  A spriggan (shapeshifter) (D:13)
  3 vampires
  2 spriggans
  A fire bat (D:12)
  5 shadows
  2 centaur simulacra (D:15)
  15 yaks
  A wyvern (D:10)
  3 fire elementals (D:12)
  A basilisk (D:15)
  19 humans (D:14)
  A steam dragon (D:6)
  7 vampire mosquitoes
  Menkaure (D:5)
  3 wargs (Orc:2)
  An acid dragon (D:12)
  4 water moccasins
  32 orc warriors
  A sky beast (D:6)
  A black bear (D:8)
  An ice beast (D:5)
  7 ogres
  4 centaurs
  3 phantoms
  5 kobold brigands
  3 gnoll sergeants
  Blork the orc (Orc:2)
  2 bullfrogs
  5 scorpions
  7 wights
  11 killer bees
  3 electric eels (D:10)
  5 howler monkeys
  14 orc priests
  5 hounds
  Crazy Yiuf (D:6)
  4 iguanas (D:6)
  Ijyb (D:3)
  Natasha (thrice) (D:2)
  24 orc wizards
  2 mummies (Ossuary)
  12 adders
  16 gnolls
  5 river rats (Sewer)
  A shadow imp (D:5)
  4 white imps
  An ufetubus (D:6)
  7 adder zombies (Ossuary)
  A worm (D:4)
  A dart slug (D:1)
  81 orcs
  7 endoplasms
  5 giant cockroaches
  13 hobgoblins
  12 jackals
  6 quokkas
  7 ball pythons
  7 bats
  8 frilled lizards
  5 gnoll zombies (Ossuary)
  14 goblins
  2 hobgoblin zombies (Ossuary)
  40 kobolds
  7 kobold zombies (Ossuary)
  5 orc zombies (Ossuary)
  5 rats
628 creatures vanquished.

Vanquished Creatures (collateral kills)
  Kirke (D:12)
  The ghost of NitroKuite the Nimble, a journeyman DjBr of Jiyva (Orc:2)
  An orc warlord (Orc:2)
  A raiju (shapeshifter) (D:15)
  An orc warrior (Orc:2)
  A killer bee (D:10)
  A gnoll (D:10)
  15 ballistomycete spores
22 creatures vanquished.

Vanquished Creatures (others)
  2 humans (D:12)
  16 plants
18 creatures vanquished.

Grand Total: 668 creatures vanquished

Notes
Turn   | Place    | Note
-------+----------+-------------------------------------------
     0 | D:1      | Arcadio the Gnoll Hunter began the quest for the Orb.
     0 | D:1      | Reached XP level 1. HP: 20/20 MP: 1/1
    72 | D:1      | Reached XP level 2. HP: 26/26 MP: 2/2
   479 | D:1      | Found Weugumal's Antique Armour Shoppe.
   544 | D:1      | Reached XP level 3. HP: 31/31 MP: 3/3
  1090 | D:2      | Found a faded altar of an unknown god.
  1134 | D:2      | Reached skill level 1 in Invocations
  1273 | D:2      | Reached skill level 1 in Short Blades
  1273 | D:2      | Reached skill level 1 in Long Blades
  1273 | D:2      | Reached skill level 1 in Axes
  1273 | D:2      | Reached skill level 1 in Maces & Flails
  1273 | D:2      | Reached skill level 1 in Polearms
  1273 | D:2      | Reached skill level 1 in Staves
  1273 | D:2      | Reached skill level 1 in Throwing
  1273 | D:2      | Reached skill level 1 in Armour
  1273 | D:2      | Reached skill level 1 in Shields
  1273 | D:2      | Reached skill level 1 in Unarmed Combat
  1273 | D:2      | Reached skill level 1 in Spellcasting
  1273 | D:2      | Reached skill level 1 in Evocations
  1515 | D:2      | Noticed Natasha
  1520 | D:2      | Killed Natasha
  1521 | D:2      | Reached XP level 4. HP: 38/38 MP: 5/5
  1602 | D:2      | Found Leymm's Weapon Shoppe.
  1644 | D:2      | Reached skill level 1 in Conjurations
  1644 | D:2      | Reached skill level 1 in Hexes
  1644 | D:2      | Reached skill level 1 in Summonings
  1644 | D:2      | Reached skill level 1 in Necromancy
  1644 | D:2      | Reached skill level 1 in Translocations
  1644 | D:2      | Reached skill level 1 in Transmutations
  1644 | D:2      | Reached skill level 1 in Fire Magic
  1644 | D:2      | Reached skill level 1 in Ice Magic
  1644 | D:2      | Reached skill level 1 in Air Magic
  1644 | D:2      | Reached skill level 1 in Earth Magic
  1644 | D:2      | Reached skill level 1 in Poison Magic
  1646 | D:2      | Learned a level 1 spell: Apportation
  1648 | D:2      | Learned a level 1 spell: Necrotise
  1650 | D:2      | Learned a level 1 spell: Summon Small Mammal
  1782 | D:2      | Noticed Natasha
  1785 | D:2      | Killed Natasha
  2008 | D:3      | Reached XP level 5. HP: 43/43 MP: 7/7
  2212 | D:3      | Found a shadowy altar of Dithmenos.
  2474 | D:3      | Found a broken altar of Ashenzari.
  2474 | D:3      | Found a shimmering blue altar of Sif Muna.
  2527 | D:3      | Found an iron altar of Okawaru.
  2980 | D:4      | Noticed Ijyb
  2995 | D:3      | Killed Ijyb
  2996 | D:3      | Reached XP level 6. HP: 46/50 MP: 8/8
  3006 | D:4      | Found a blossoming altar of Fedhas.
  3011 | D:4      | Identified the +3 leather armour of Gupoogov {Int+3}
  3026 | D:4      | Became a worshipper of Fedhas Madash
  3029 | D:4      | Found Osmugut's Book Emporium.
  3039 | D:4      | Reached skill level 5 in Fighting
  3039 | D:4      | Reached skill level 5 in Dodging
  3050 | D:4      | Found a glowing drain.
  3077 | Sewer    | Entered a sewer
  3218 | Sewer    | Reached XP level 7. HP: 56/56 MP: 10/10
  3617 | Sewer    | Reached * piety under Fedhas
  3823 | D:4      | Learned a level 2 spell: Blink
  4547 | D:5      | Entered Level 5 of the Dungeon
  4547 | D:5      | Noticed Sigmund
  4558 | D:5      | Noticed Prince Ribbit
  4601 | D:5      | Reached skill level 9 in Ranged Weapons
  4742 | D:5      | Found a hide-covered altar of Uskayaw.
  4831 | D:5      | Noticed Menkaure
  4962 | D:5      | Reached XP level 8. HP: 63/63 MP: 12/12
  5067 | D:2      | Noticed Natasha
  5070 | D:2      | Killed Natasha
  5076 | D:2      | Bought a +2 arbalest of draining for 221 gold pieces
  5170 | D:5      | Killed Sigmund
  5228 | D:5      | Killed Menkaure
  5387 | D:5      | Noticed Grinder
  5405 | D:5      | Killed Grinder
  5589 | D:5      | Killed Prince Ribbit
  5707 | D:6      | Reached XP level 9. HP: 65/69 MP: 14/14
  5707 | D:6      | Reached ** piety under Fedhas
  5819 | D:6      | Found a staircase to the Ecumenical Temple.
  5840 | Temple   | Entered the Ecumenical Temple
  6175 | D:6      | Found a sand-covered staircase.
  6185 | Ossuary  | Entered an ossuary
  6280 | Ossuary  | Reached *** piety under Fedhas
  6595 | D:6      | Found a runed translucent door.
  6596 | D:6      | Noticed Crazy Yiuf
  6773 | D:6      | Reached skill level 5 in Stealth
  6838 | D:6      | Reached skill level 5 in Invocations
  7006 | D:6      | Noticed Maggie
  7011 | D:6      | Killed Maggie
  7140 | D:6      | Learned a level 3 spell: Ozocubu's Armour
  7144 | D:6      | Learned a level 3 spell: Portal Projectile
  7148 | D:6      | Learned a level 3 spell: Tukima's Dance
  7154 | D:6      | Killed Crazy Yiuf
  7422 | D:7      | Reached **** piety under Fedhas
  7488 | D:6      | Reached skill level 5 in Short Blades
  7488 | D:6      | Reached skill level 5 in Long Blades
  7488 | D:6      | Reached skill level 5 in Axes
  7488 | D:6      | Reached skill level 5 in Maces & Flails
  7488 | D:6      | Reached skill level 5 in Polearms
  7488 | D:6      | Reached skill level 5 in Staves
  7488 | D:6      | Reached skill level 5 in Throwing
  7488 | D:6      | Reached skill level 5 in Armour
  7488 | D:6      | Reached skill level 5 in Shields
  7488 | D:6      | Reached skill level 5 in Unarmed Combat
  7488 | D:6      | Reached skill level 5 in Spellcasting
  7488 | D:6      | Reached skill level 5 in Evocations
  7488 | D:6      | Reached XP level 10. HP: 66/77 MP: 17/17
  7880 | D:7      | Reached skill level 10 in Ranged Weapons
  8123 | D:7      | You fall into a shaft and drop 2 floors!
  8180 | D:9      | Reached ***** piety under Fedhas
  8255 | D:9      | Found a staircase to the Lair.
  8273 | D:9      | Found Kiawuma's Distillery.
  8291 | D:9      | Noticed Erolcha
  8325 | D:8      | Noticed a kobold demonologist
  8909 | D:8      | Noticed a boulder beetle
  8929 | D:8      | Killed a boulder beetle
  9026 | D:8      | Found a burning altar of Makhleb.
  9075 | D:8      | Killed a kobold demonologist
  9262 | D:8      | Reached skill level 5 in Conjurations
  9262 | D:8      | Reached skill level 5 in Hexes
  9262 | D:8      | Reached skill level 5 in Summonings
  9262 | D:8      | Reached skill level 5 in Necromancy
  9262 | D:8      | Reached skill level 5 in Translocations
  9262 | D:8      | Reached skill level 5 in Transmutations
  9262 | D:8      | Reached skill level 5 in Fire Magic
  9262 | D:8      | Reached skill level 5 in Ice Magic
  9262 | D:8      | Reached skill level 5 in Air Magic
  9262 | D:8      | Reached skill level 5 in Earth Magic
  9262 | D:8      | Reached skill level 5 in Poison Magic
  9278 | D:8      | Reached XP level 11. HP: 83/85 MP: 8/20
  9751 | D:8      | Found a glowing golden altar of the Shining One.
 10445 | D:9      | Paralysed by a hornet for 2 turns
 10457 | D:9      | Paralysed by a hornet for 1 turns
 10679 | D:10     | Entered Level 10 of the Dungeon
 10895 | D:10     | Found a flagged portal.
 10901 | Bailey   | Entered a bailey
 10911 | Bailey   | Noticed an orc knight
 11085 | Bailey   | Killed an orc knight
 11337 | Bailey   | Found the +8 autumn katana {manifold assault}
 11724 | D:10     | Noticed a tengu warrior
 11727 | D:10     | Noticed an ogre mage
 11731 | D:10     | Paralysed by something for 2 turns
 11739 | D:10     | Killed a tengu warrior
 11740 | D:10     | Reached skill level 11 in Ranged Weapons
 11757 | D:10     | Killed an ogre mage
 11990 | D:10     | Noticed Erica
 12017 | D:10     | Killed Erica
 12089 | D:10     | Reached XP level 12. HP: 91/94 MP: 22/22
 12650 | D:11     | Noticed a two-headed ogre
 12704 | D:11     | Killed a two-headed ogre
 12812 | D:11     | Reached ****** piety under Fedhas
 13518 | D:11     | Noticed a two-headed ogre
 13526 | D:11     | Killed a two-headed ogre
 13836 | D:12     | Noticed Nergalle
 13840 | D:12     | Killed Nergalle
 13922 | D:12     | Noticed a two-headed ogre
 13929 | D:12     | Killed a two-headed ogre
 14012 | D:9      | Found a basalt altar of Yredelemnul.
 14213 | D:1      | Bought a glowing troll leather armour for 342 gold pieces
 14503 | D:9      | Found a staircase to the Orcish Mines.
 14512 | Orc:1    | Entered Level 1 of the Orcish Mines
 14854 | Orc:2    | Entered Level 2 of the Orcish Mines
 14975 | Orc:2    | Found Yrphid's Assorted Antiques.
 14985 | Orc:2    | Bought a pair of embroidered boots for 232 gold pieces
 15051 | Orc:2    | Noticed NitroKuite's ghost (journeyman DjBr)
 15054 | Orc:2    | Found a runed translucent door.
 15165 | Orc:2    | Noticed an orc high priest
 15169 | Orc:2    | Killed an orc high priest
 15216 | Orc:2    | Noticed Blork the orc
 15229 | Orc:2    | Killed Blork the orc
 15249 | Orc:2    | Noticed an orc warlord
 15259 | Orc:2    | Killed an orc warlord
 15261 | Orc:2    | Reached XP level 13. HP: 101/101 MP: 11/25
 15385 | Orc:2    | Found Godiyl's General Store.
 15418 | Orc:2    | Found Zungerosi's Antique Armour Shoppe.
 15435 | Orc:2    | Found a staircase to the Elven Halls.
 15438 | Orc:2    | Found Bylos's Antique Weapon Shoppe.
 15453 | Orc:2    | Found a burning altar of Makhleb.
 15634 | Orc:2    | Found Fifiett's Jewellery Shoppe.
 15881 | Orc:2    | Killed NitroKuite's ghost
 15955 | Orc:2    | Bought an embroidered cloak for 262 gold pieces
 15973 | Orc:2    | Bought a potion of haste for 100 gold pieces
 16022 | Orc:1    | Found Zywysch's Armour Emporium.
 16468 | D:12     | Reached skill level 12 in Ranged Weapons
 16886 | D:12     | Noticed Kirke
 16891 | D:12     | Killed Kirke
 17077 | D:12     | Reached skill level 10 in Fighting
 17077 | D:12     | Reached skill level 10 in Dodging
 17107 | D:12     | Learned a level 3 spell: Swiftness
 17111 | D:12     | Learned a level 3 spell: Inner Flame
 17113 | D:12     | Got the +3 demon whip of Action {flame, Int+8}
 17139 | D:12     | Noticed Nessos
 17159 | D:12     | Killed Nessos
 17167 | D:12     | Noticed Frances
 17199 | D:12     | Killed Frances
 17400 | D:12     | Identified the +1 robe of Ronnyggi {Drain rN+ Str+3 Dex+5}
 17692 | D:12     | Found a glowing silver altar of Zin.
 17779 | D:13     | Reached XP level 14. HP: 95/110 MP: 23/27
 17812 | D:13     | Reached skill level 10 in Invocations
 18293 | D:14     | Found a portal to a secret trove of treasure.
 18309 | D:14     | You paid a toll of 3 potions of resistance to enter a
                  | treasure trove
 18310 | Trove    | Entered a treasure trove
 18369 | Trove    | Got Neelim's Secrets of the Welkin and Shapeshifting
 18405 | Trove    | Got Sif Muna's Compilation of the Coruscating Boggart
 18409 | Trove    | Identified the staff of conjuration "Anathax" {rElec rN+
                  | Int-2}
 18441 | Trove    | Learned a level 4 spell: Cause Fear
 18753 | D:14     | Found a gate to the Vaults.
 18994 | D:14     | Learned a level 2 spell: Passwall
 19045 | D:14     | Reached skill level 10 in Stealth
 19330 | D:14     | Identified the ring "Romes" {Wiz rElec rC- rCorr}
 19678 | D:15     | Entered Level 15 of the Dungeon
 19733 | D:15     | Noticed Jorgrun
 19755 | D:15     | Killed Jorgrun
 19755 | D:15     | Noticed a cyan very ugly thing
 19762 | D:15     | Killed a cyan very ugly thing
 20069 | D:15     | Paralysed by an orc sorcerer for 4 turns
 20163 | D:15     | Reached skill level 10 in Short Blades
 20163 | D:15     | Reached skill level 10 in Long Blades
 20163 | D:15     | Reached skill level 10 in Axes
 20163 | D:15     | Reached skill level 10 in Maces & Flails
 20163 | D:15     | Reached skill level 10 in Polearms
 20163 | D:15     | Reached skill level 10 in Staves
 20163 | D:15     | Reached skill level 10 in Throwing
 20163 | D:15     | Reached skill level 10 in Armour
 20163 | D:15     | Reached skill level 10 in Shields
 20163 | D:15     | Reached skill level 10 in Unarmed Combat
 20163 | D:15     | Reached skill level 10 in Spellcasting
 20163 | D:15     | Reached skill level 10 in Evocations
 20299 | D:15     | Found a staircase to the Depths.
 20411 | D:15     | Reached skill level 13 in Ranged Weapons
 20422 | D:15     | Found a sacrificial altar of Ru.
 20491 | D:15     | Reached XP level 15. HP: 87/118 MP: 29/29
 20799 | D:15     | Found a glowing golden altar of the Shining One.
 21109 | Depths:1 | Entered Level 1 of the Depths
 21116 | Depths:1 | Found a one-way gate to the infinite horrors of the Abyss.
 21125 | Depths:1 | Noticed a fire giant
 21150 | Depths:1 | Found a gateway to Hell.
 21199 | Depths:1 | Learned a level 5 spell: Summon Mana Viper
 21493 | Depths:2 | Learned a level 5 spell: Lee's Rapid Deconstruction
 21693 | Depths:2 | Noticed a storm dragon
 21765 | Depths:2 | Noticed a frost giant
 21799 | Depths:2 | Killed a frost giant
 21984 | Depths:2 | Noticed a frost giant
 22033 | Depths:2 | Noticed Bai Suzhen
 22409 | Depths:4 | Entered Level 4 of the Depths
 22683 | Depths:3 | Killed a storm dragon
 22976 | Depths:3 | Reached skill level 10 in Fire Magic
 23190 | Depths:2 | Found Ibacs's Distillery.
 24051 | Depths:3 | HP: 4/119 [spriggan berserker/+2 antimagic rapier (8)]
 24055 | Depths:3 | Annihilated by a spriggan berserker

Illustrated notes

Levels and vault maps discovered:
D:1:      saegor_arrival_simple_d, layout_loops_corners, serial_shops, shop
D:2:      layout_basic, shapermc_ecumenical_altar_venn, serial_corexii_hall,
          corexii_hall_statues_s, corexii_hall_statues_deadend, serial_shops,
          shop, uniq_natasha
D:3:      layout_basic, grunt_dithmenos_smoke_and_mirrors,
          gammafunk_temple_overflow_statue, okawaru_altar_gauntlet_db,
          kennysheep_generic_room_5
D:4:      layout_rooms, fedhas_altar_1, serial_shops, nicolae_square_shop,
          gup_sewer_entry_glass, minivault_5, uniq_ijyb
D:5:      layout_rooms, lemuel_round_altar, uniq_prince_ribbit1, uniq_menkaure,
          uniq_grinder, uniq_sigmund
D:6:      minmay_octagon_keep, layout_basic, minmay_temple_entry_large_hall,
          chequers_ossuary_entry_cave, uniq_maggie, uniq_crazy_yiuf_cottage
D:7:      layout_rooms, minmay_joined_circles
D:8:      layout_layer_cave, mainiacjoe_overflow_catwalk_spiral
D:9:      layout_rooms, marbit_many_paths, lair_entry_dummy, serial_shops, shop,
          uniq_erolcha
D:10:     layout_basic, enter_bailey_3, minmay_misc_feat_five, minmay_bent,
          uniq_erica
D:11:     layout_stronghold
D:12:     minmay_firetagon, layout_stronghold, zin_statuary, uniq_nergalle,
          uniq_frances, uniq_nessos, uniq_kirke
D:13:     layout_big_octagon
D:14:     layout_irregular_city, grunt_vaults_entry_tiered,
          nicolae_trove_entry_isolated, nicolae_kite_square_tiling_tiny
D:15:     grunt_enter_depths_magical_seal, layout_loops_ring,
          nicolae_ru_path_of_blood, grunt_decor_mini_mirrors,
          nicolae_tso_carved_into_rock, uniq_jorgrun
Temple:   nicolae_temple_figure_eight
Orc:1:    layout_diamond_mine, serial_shops, shop, nicolae_orc_damp_corner,
          mines2_david
Orc:2:    grunt_orc_cross, layout_caves, serial_shops,
          nicolae_shop_overgrown_old_shop, basic_altar,
          hellmonk_ghost_happy_afterlife, mines2_david
Depths:1: layout_cave_shapes, nicolae_benzene_ring, hell_entry, abyss_entry,
          xom_teletrap_fun
Depths:2: cheibrodos_cascadia, layout_gridlike, kennysheep_another_room,
          lightli_too_deep, serial_shops, shop, rand_demon_pan_entry_1,
          minmay_shoptagon, minmay_staircase_statues, uniq_bai_suzhen
Depths:3: minmay_the_grid_triangle_9x9_rhombus_full
          [minmay_the_grid_triangle_9x9_stretched_checkered,
          minmay_the_grid_triangle_9x9_wacky_v,
          minmay_the_grid_triangle_9x9_flanged_cone,
          minmay_the_grid_triangle_9x9_from_above,
          minmay_the_grid_triangle_9x9_minimal,
          minmay_the_grid_triangle_9x9_thin_v,
          minmay_the_grid_triangle_9x9_intruding_spiral,
          minmay_the_grid_triangle_9x9_prize_center], layout_honeycomb,
          kennysheep_flooded_box, nicolae_abyss_entry_one_way_or_another,
          serial_shops, shop, pf_hell_entry_tar_river, firewood_loft
Depths:4: grunt_twist_and_shout, layout_cave_shapes, enter_ziggurat_d,
          rand_demon_pan_entry_4, nrook_campfire, hell_entry,
          gammafunk_ghost_tricky_traps, serial_bayou_shore_b,
          serial_bayou_shore_b

Skill      XL: |  1  2  3  4  5  6  7  8  9 10 11 12 13 14 15 |
---------------+----------------------------------------------+-----
Invocations    | 1 2 3 4 5 6 7 8 9 10 11 | 11.5
Short Blades   | 1 2 3 5 6 7 8 9 10 | 10.6
Long Blades    | 1 2 3 5 6 7 8 9 10 | 10.6
Axes           | 1 2 3 5 6 7 8 9 10 | 10.6
Maces & Flails | 1 2 3 5 6 7 8 9 10 | 10.6
Polearms       | 1 2 3 5 6 7 8 9 10 | 10.6
Staves         | 1 2 3 5 6 7 8 9 10 | 10.6
Throwing       | 1 2 3 5 6 7 8 9 10 | 10.6
Armour         | 1 2 3 5 6 7 8 9 10 | 10.6
Shields        | 1 2 3 5 6 7 8 9 10 | 10.6
Unarmed Combat | 1 2 3 5 6 7 8 9 10 | 10.6
Spellcasting   | 1 2 3 5 6 7 8 9 10 | 10.6
Evocations     | 1 2 3 5 6 7 8 9 10 | 10.6
Conjurations   | 1 2 3 4 5 6 7 8 |  8.9
Hexes          | 1 2 3 4 5 6 7 8 |  8.9
Summonings     | 1 2 3 4 5 6 7 8 |  8.9
Necromancy     | 1 2 3 4 5 6 7 8 |  8.9
Translocations | 1 2 3 4 5 6 7 8 |  8.9
Transmutations | 1 2 3 4 5 6 7 8 |  8.9
Fire Magic     | 1 2 3 4 5 6 7 9 10 | 10.2
Ice Magic      | 1 2 3 4 5 6 7 8 |  8.9
Air Magic      | 1 2 3 4 5 6 7 8 |  8.9
Earth Magic    | 1 2 3 4 5 6 7 8 |  8.9
Poison Magic   | 1 2 3 4 5 6 7 8 |  8.9
Stealth        | 3 4 5 6 7 8 9 10 | 10.9
Fighting       | 5 6 7 8 9 10 11 | 11.5
Dodging        | 5 6 7 8 9 10 11 | 11.5
Ranged Weapons | 9 10 11 12 13 | 13.4

Action                     |  1- 3 |  4- 6 |  7- 9 | 10-12 | 13-15 || total
---------------------------+-------+-------+-------+-------+-------++-------
  Melee: Dagger            |       |       |    74 |     8 |       ||    82
         Bite              |       |       |    10 |    13 |    92 ||   115
         Katana            |       |       |       |   184 |   607 ||   791
         Punch             |       |       |       |    11 |    56 ||    67
         Arbalest          |       |       |       |     1 |       ||     1
   Fire: Shortbow          |    99 |   207 |    99 |       |       ||   405
         Arbalest          |       |       |   165 |   430 |   186 ||   781
  Throw: Throwing net      |       |       |       |     1 |       ||     1
   Cast: Summon Small Mamm |       |     8 |     2 |     1 |       ||    11
         Blink             |       |       |     2 |     1 |     7 ||    10
         Portal Projectile |       |       |     2 |    21 |    24 ||    47
         Ozocubu's Armour  |       |       |     1 |    11 |     4 ||    16
         Swiftness         |       |       |       |       |     5 ||     5
         Cause Fear        |       |       |       |       |     4 ||     4
         Inner Flame       |       |       |       |       |     1 ||     1
         Lee's Rapid Decon |       |       |       |       |     1 ||     1
 Invoke: Grow Ballistomyce |       |       |       |     5 |     5 ||    10
         Wall of Briars    |       |       |       |     1 |     1 ||     2
         Grow Oklob        |       |       |       |     1 |    10 ||    11
  Evoke: Wand              |       |       |       |       |     3 ||     3
    Use: Potion            |     3 |       |     1 |    13 |    13 ||    30
         Scroll            |     1 |     3 |     9 |    16 |    21 ||    50
   Stab: Distracted        |       |       |     1 |       |     1 ||     2
         Sleeping          |       |       |       |       |     5 ||     5
         Fleeing           |       |       |       |       |     1 ||     1
 Armour: Leather armour    |     6 |    31 |    45 |    96 |       ||   178
         Skin              |       |       |       |     2 |       ||     2
         Troll leather arm |       |       |       |    28 |   215 ||   243
  Dodge: Dodged            |    30 |    93 |   142 |   354 |   440 ||  1059
